2907 views
Uploaded 2020-03-09 20:07:57
Game version 1.32.2
27:29 long 3on3 ladder game on (6)StranglethornVale
Saved by BEARAND
2907 views
Uploaded 2020-03-09 20:07:57
Game version 1.32.2
27:29 long 3on3 ladder game on (6)StranglethornVale


67 units @ 4.8k
/ 0k
151 buildings @ 11k
/ 4.6k



| Potion of Healing | 1 | 150 |
| Staff of Sanctuary | 3 | 750 |
| Potion of Mana | 1 | 200 |
| Boots of Speed | 5 | 1250 |
| Staff of Teleportation | 3 | 450 |
| Periapt of Vitality | 2 | 650 |
| Circlet of Nobility | 1 | 175 |
| Orb of Venom | 2 | 650 |
| total: | 18 | 4275g |
| Peasant | 15 | 1125 | / | 0 |
| Sorceress | 1 | 155 | / | 20 |
| Priest | 1 | 135 | / | 10 |
| total: | 17 | 1415g | / | 30w |
| Scout Tower | 52 | 1560 | / | 1040 |
| Arcane Tower | 3 | 210 | / | 150 |
| Guard Tower | 42 | 2940 | / | 2100 |
| Altar of Kings | 1 | 180 | / | 50 |
| Farm | 5 | 400 | / | 100 |
| Lumber Mill | 1 | 120 | / | 0 |
| Arcane Vault | 2 | 260 | / | 60 |
| Town Hall | 1 | 385 | / | 205 |
| Arcane Sanctum | 1 | 150 | / | 140 |
| Keep | 2 | 640 | / | 420 |
| Castle | 1 | 360 | / | 210 |
| total: | 63 | 3055g | / | 1595w |
| 0:01 | Peasant |
| 0:02 | Peasant |
| 0:12 | Altar of Kings |
| 0:15 | Peasant |
| 0:18 | Farm |
| 0:23 | Peasant |
| 0:33 | Peasant |
| 0:43 | Lumber Mill |
| 0:48 | Peasant |
| 0:50 | Peasant |
| 1:18 | Farm |
| 1:31 | Scout Tower |
| 1:33 | Peasant |
| 1:40 | Peasant |
| 1:44 | Peasant |
| 1:57 | Arcane Tower |
| 1:58 | Scout Tower |
| 2:03 | Peasant |
| 2:11 | Blizzard |
| 2:15 | Scout Tower |
| 2:20 | Peasant |
| 2:20 | Peasant |
| 2:26 | Guard Tower |
| 2:27 | Scout Tower |
| 2:39 | Peasant |
| 2:41 | Guard Tower |
| 2:42 | Scout Tower |
| 3:02 | Guard Tower |
| 3:03 | Scout Tower |
| 3:10 | Guard Tower |
| 3:11 | Scout Tower |
| 3:15 | Scout Tower |
| 3:32 | Keep |
| 3:34 | Guard Tower |
| 3:36 | Scout Tower |
| 3:37 | Scout Tower |
| 3:37 | Scout Tower |
| 3:49 | Improved Masonry |
| 3:53 | Farm |
| 3:58 | Farm |
| 4:18 | Boots of Speed |
| 4:28 | Staff of Teleportation |
| 4:35 | Guard Tower |
| 4:42 | Guard Tower |
| 4:46 | Scout Tower |
| 5:22 | Arcane Tower |
| 5:27 | Arcane Vault |
| 5:37 | Guard Tower |
| 5:38 | Guard Tower |
| 5:38 | Guard Tower |
| 5:40 | Scout Tower |
| 5:41 | Scout Tower |
| 6:35 | Potion of Healing |
| 6:39 | Guard Tower |
| 7:01 | Brilliance Aura |
| 7:12 | Storm Bolt |
| 7:46 | Guard Tower |
| 7:49 | Castle |
| 7:52 | Farm |
| 8:23 | Scout Tower |
| 8:23 | Scout Tower |
| 8:25 | Scout Tower |
| 8:25 | Scout Tower |
| 8:30 | Town Hall |
| 8:33 | Scout Tower |
| 8:34 | Scout Tower |
| 8:34 | Scout Tower |
| 8:35 | Scout Tower |
| 8:36 | Scout Tower |
| 8:46 | Arcane Sanctum |
| 9:16 | Boots of Speed |
| 9:16 | Boots of Speed |
| 9:16 | Boots of Speed |
| 9:53 | Arcane Vault |
| 9:55 | Guard Tower |
| 9:55 | Arcane Tower |
| 9:56 | Guard Tower |
| 9:58 | Guard Tower |
| 9:58 | Guard Tower |
| 10:04 | Magic Sentry |
| 10:13 | Guard Tower |
| 10:50 | Staff of Sanctuary |
| 11:08 | Orb of Venom |
| 11:19 | Sorceress |
| 11:30 | Holy Light |
| 11:37 | Staff of Teleportation |
| 11:55 | Scout Tower |
| 11:56 | Scout Tower |
| 11:56 | Scout Tower |
| 11:57 | Improved Lumber Harvesting |
| 12:14 | Periapt of Vitality |
| 12:20 | Boots of Speed |
| 12:23 | Guard Tower |
| 12:29 | Guard Tower |
| 12:32 | Advanced Masonry |
| 13:04 | Staff of Sanctuary |
| 13:26 | Staff of Sanctuary |
| 14:00 | Scout Tower |
| 14:01 | Scout Tower |
| 14:01 | Scout Tower |
| 14:02 | Scout Tower |
| 14:02 | Scout Tower |
| 14:03 | Scout Tower |
| 14:03 | Scout Tower |
| 14:03 | Scout Tower |
| 14:04 | Scout Tower |
| 14:12 | Bash |
| 14:44 | Staff of Teleportation |
| 14:44 | Circlet of Nobility |
| 14:56 | Orb of Venom |
| 14:58 | Potion of Mana |
| 15:02 | Guard Tower |
| 15:03 | Guard Tower |
| 15:05 | Scout Tower |
| 15:06 | Scout Tower |
| 15:06 | Scout Tower |
| 15:07 | Scout Tower |
| 15:09 | Scout Tower |
| 15:35 | Guard Tower |
| 16:10 | Guard Tower |
| 16:28 | Guard Tower |
| 16:33 | Guard Tower |
| 16:38 | Periapt of Vitality |
| 16:53 | Guard Tower |
| 17:02 | Imbued Masonry |
| 17:49 | Blizzard |
| 18:03 | Guard Tower |
| 18:24 | Peasant |
| 18:29 | Guard Tower |
| 18:30 | Scout Tower |
| 18:31 | Scout Tower |
| 19:02 | Scout Tower |
| 19:17 | Guard Tower |
| 19:18 | Scout Tower |
| 19:19 | Scout Tower |
| 19:19 | Scout Tower |
| 19:20 | Scout Tower |
| 19:21 | Guard Tower |
| 19:22 | Guard Tower |
| 19:57 | Guard Tower |
| 20:06 | Guard Tower |
| 21:16 | Priest |
| 21:27 | Divine Shield |
| 21:32 | Guard Tower |
| 21:39 | Scout Tower |
| 21:40 | Scout Tower |
| 21:41 | Scout Tower |
| 21:42 | Scout Tower |
| 21:42 | Scout Tower |
| 22:13 | Storm Bolt |
| 22:42 | Brilliance Aura |
| 23:23 | Guard Tower |
| 24:35 | Guard Tower |
| 25:47 | Holy Light |
| 27:13 | Bash |
| Right click | 2480 |
| Select | 1145 |
| Select group | 408 |
| Chat | 200 |
| Build/train/purchase | 193 |
| Use ability | 93 |
| Assign group | 16 |
| Item give/drop | 8 |
| Misc. action | 6 |
| Minimap ping | 5 |



| Orb of Venom | 1 | 325 |
| Boots of Speed | 3 | 750 |
| Staff of Teleportation | 3 | 450 |
| Periapt of Vitality | 1 | 325 |
| Circlet of Nobility | 5 | 875 |
| Scroll of Regeneration | 1 | 100 |
| Staff of Sanctuary | 3 | 750 |
| total: | 17 | 3575g |
| Wisp | 27 | 1620 | / | 0 |
| total: | 27 | 1620g | / | 0w |
| Altar of Elders | 1 | 180 | / | 50 |
| Moon Well | 19 | 3420 | / | 760 |
| Hunter's Hall | 1 | 210 | / | 100 |
| Ancient of Wonders | 3 | 270 | / | 90 |
| Tree of Life | 2 | 680 | / | 370 |
| Tree of Ages | 2 | 640 | / | 360 |
| Tree of Eternity | 1 | 330 | / | 200 |
| total: | 26 | 4760g | / | 1370w |
| 0:03 | Wisp |
| 0:03 | Wisp |
| 0:04 | Altar of Elders |
| 0:06 | Moon Well |
| 0:12 | Wisp |
| 0:36 | Moon Well |
| 0:40 | Wisp |
| 0:58 | Wisp |
| 1:11 | Wisp |
| 1:11 | Wisp |
| 1:19 | Wisp |
| 1:27 | Wisp |
| 1:52 | Wisp |
| 2:06 | Entangling Roots |
| 2:10 | Wisp |
| 2:37 | Wisp |
| 2:37 | Wisp |
| 3:14 | Wisp |
| 3:14 | Wisp |
| 3:14 | Wisp |
| 3:32 | Wisp |
| 3:32 | Wisp |
| 3:56 | Tree of Ages |
| 4:29 | Moon Well |
| 4:35 | Boots of Speed |
| 4:35 | Staff of Teleportation |
| 4:41 | Periapt of Vitality |
| 5:44 | Hunter's Hall |
| 6:02 | Moon Well |
| 6:06 | Moon Well |
| 7:32 | Trueshot Aura |
| 7:36 | Tree of Eternity |
| 7:37 | Ultravision |
| 8:54 | Moon Well |
| 8:58 | Ancient of Wonders |
| 9:01 | Ancient of Wonders |
| 9:04 | Ancient of Wonders |
| 9:10 | Moon Well |
| 9:11 | Moon Well |
| 9:28 | Scroll of Regeneration |
| 10:05 | Orb of Venom |
| 10:11 | Frost Arrows |
| 10:18 | Well Spring |
| 10:35 | Thorns Aura |
| 10:54 | Tree of Life |
| 10:55 | Tree of Life |
| 11:05 | Staff of Sanctuary |
| 11:28 | Staff of Sanctuary |
| 11:46 | Boots of Speed |
| 11:47 | Circlet of Nobility |
| 12:10 | Boots of Speed |
| 12:17 | Circlet of Nobility |
| 12:17 | Circlet of Nobility |
| 14:04 | Wisp |
| 14:04 | Wisp |
| 14:04 | Wisp |
| 14:05 | Wisp |
| 14:05 | Wisp |
| 14:21 | Staff of Sanctuary |
| 14:27 | Moon Well |
| 14:28 | Moon Well |
| 14:38 | Moon Well |
| 14:38 | Moon Well |
| 14:46 | Wisp |
| 14:47 | Wisp |
| 14:47 | Wisp |
| 14:47 | Wisp |
| 15:00 | Circlet of Nobility |
| 15:26 | Staff of Teleportation |
| 15:30 | Moon Well |
| 15:31 | Moon Well |
| 16:10 | Moon Well |
| 16:10 | Moon Well |
| 16:50 | Nature's Blessing |
| 17:09 | Moon Well |
| 17:09 | Moon Well |
| 18:27 | Moon Well |
| 19:14 | Staff of Teleportation |
| 19:14 | Circlet of Nobility |
| 21:13 | Searing Arrows |
| 21:46 | Forked Lightning |
| 24:33 | Entangling Roots |
| 25:32 | Frost Arrows |
| Right click | 1953 |
| Select group | 789 |
| Select | 209 |
| Chat | 157 |
| Resource trade | 97 |
| Build/train/purchase | 87 |
| Use ability | 60 |
| Misc. action | 36 |
| Minimap ping | 24 |
| Assign group | 6 |
| Esc | 3 |
| Item give/drop | 1 |



| Staff of Sanctuary | 3 | 750 |
| Scroll of Regeneration | 1 | 100 |
| Boots of Speed | 3 | 750 |
| Staff of Teleportation | 3 | 450 |
| Circlet of Nobility | 1 | 175 |
| Orb of Venom | 3 | 975 |
| total: | 14 | 3200g |
| Peasant | 22 | 1650 | / | 0 |
| Priest | 1 | 135 | / | 10 |
| total: | 23 | 1785g | / | 10w |
| Scout Tower | 49 | 1470 | / | 980 |
| Arcane Tower | 6 | 420 | / | 300 |
| Guard Tower | 22 | 1540 | / | 1100 |
| Altar of Kings | 1 | 180 | / | 50 |
| Lumber Mill | 1 | 120 | / | 0 |
| Farm | 5 | 400 | / | 100 |
| Arcane Vault | 4 | 520 | / | 120 |
| Town Hall | 1 | 385 | / | 205 |
| Arcane Sanctum | 1 | 150 | / | 140 |
| Keep | 1 | 320 | / | 210 |
| Castle | 1 | 360 | / | 210 |
| total: | 62 | 3225g | / | 1595w |
| 0:01 | Peasant |
| 0:02 | Altar of Kings |
| 0:07 | Peasant |
| 0:23 | Peasant |
| 0:27 | Lumber Mill |
| 0:40 | Farm |
| 0:41 | Peasant |
| 0:54 | Peasant |
| 1:01 | Peasant |
| 1:13 | Scout Tower |
| 1:16 | Peasant |
| 1:19 | Farm |
| 1:20 | Farm |
| 1:27 | Scout Tower |
| 1:38 | Peasant |
| 1:40 | Scout Tower |
| 1:41 | Arcane Tower |
| 1:45 | Peasant |
| 1:52 | Arcane Tower |
| 1:53 | Scout Tower |
| 1:59 | Peasant |
| 2:07 | Scout Tower |
| 2:07 | Guard Tower |
| 2:10 | Peasant |
| 2:18 | Scout Tower |
| 2:33 | Blizzard |
| 2:37 | Guard Tower |
| 2:39 | Scout Tower |
| 2:39 | Peasant |
| 2:40 | Peasant |
| 2:57 | Guard Tower |
| 2:58 | Scout Tower |
| 3:10 | Scout Tower |
| 3:11 | Scout Tower |
| 3:20 | Peasant |
| 3:22 | Improved Masonry |
| 3:24 | Scout Tower |
| 3:26 | Arcane Vault |
| 3:27 | Guard Tower |
| 3:29 | Arcane Vault |
| 3:39 | Keep |
| 3:59 | Guard Tower |
| 4:03 | Brilliance Aura |
| 4:14 | Scout Tower |
| 4:44 | Farm |
| 4:45 | Scout Tower |
| 5:07 | Town Hall |
| 5:15 | Boots of Speed |
| 5:21 | Guard Tower |
| 5:22 | Scout Tower |
| 5:23 | Scout Tower |
| 5:24 | Guard Tower |
| 5:53 | Arcane Tower |
| 5:56 | Scout Tower |
| 5:57 | Scout Tower |
| 5:57 | Scout Tower |
| 5:58 | Scout Tower |
| 5:59 | Blizzard |
| 6:24 | Advanced Masonry |
| 6:32 | Peasant |
| 6:41 | Guard Tower |
| 7:15 | Storm Bolt |
| 7:16 | Boots of Speed |
| 7:17 | Staff of Teleportation |
| 7:17 | Circlet of Nobility |
| 7:35 | Castle |
| 7:38 | Arcane Sanctum |
| 7:40 | Guard Tower |
| 7:41 | Scout Tower |
| 7:42 | Scout Tower |
| 7:42 | Scout Tower |
| 8:30 | Guard Tower |
| 8:32 | Arcane Vault |
| 8:33 | Scout Tower |
| 8:33 | Scout Tower |
| 8:35 | Peasant |
| 8:35 | Peasant |
| 8:39 | Farm |
| 8:44 | Improved Lumber Harvesting |
| 8:46 | Arcane Tower |
| 8:46 | Guard Tower |
| 8:49 | Guard Tower |
| 8:55 | Magic Sentry |
| 8:55 | Priest Adept Training |
| 8:55 | Priest |
| 9:01 | Arcane Vault |
| 9:41 | Guard Tower |
| 10:01 | Imbued Masonry |
| 10:07 | Staff of Sanctuary |
| 10:16 | Orb of Venom |
| 10:48 | Staff of Sanctuary |
| 10:52 | Guard Tower |
| 10:54 | Scout Tower |
| 10:55 | Scout Tower |
| 10:56 | Scout Tower |
| 10:59 | Holy Light |
| 11:09 | Scout Tower |
| 11:10 | Scout Tower |
| 11:13 | Staff of Teleportation |
| 11:16 | Boots of Speed |
| 11:44 | Guard Tower |
| 11:46 | Scout Tower |
| 11:46 | Scout Tower |
| 11:47 | Scout Tower |
| 11:50 | Scout Tower |
| 11:51 | Scout Tower |
| 11:52 | Scout Tower |
| 11:53 | Guard Tower |
| 11:55 | Scout Tower |
| 11:56 | Scout Tower |
| 11:57 | Scout Tower |
| 12:28 | Guard Tower |
| 12:31 | Orb of Venom |
| 12:37 | Arcane Tower |
| 14:12 | Guard Tower |
| 14:14 | Guard Tower |
| 14:39 | Arcane Tower |
| 15:14 | Guard Tower |
| 15:18 | Scout Tower |
| 15:18 | Scout Tower |
| 15:20 | Scout Tower |
| 15:23 | Scout Tower |
| 15:23 | Scout Tower |
| 15:24 | Scout Tower |
| 15:25 | Scout Tower |
| 15:26 | Scout Tower |
| 15:26 | Scout Tower |
| 15:30 | Staff of Sanctuary |
| 15:34 | Orb of Venom |
| 16:01 | Guard Tower |
| 17:01 | Bash |
| 19:31 | Staff of Teleportation |
| 20:07 | Guard Tower |
| 20:35 | Scout Tower |
| 20:36 | Scout Tower |
| 21:42 | Divine Shield |
| 22:34 | Brilliance Aura |
| 22:37 | Scroll of Regeneration |
| 24:52 | Storm Bolt |
| 27:10 | Peasant |
| 27:10 | Peasant |
| 27:10 | Peasant |
| 27:11 | Peasant |
| 27:11 | Peasant |
| 27:15 | Holy Light |
| Right click | 1622 |
| Select group | 1084 |
| Chat | 449 |
| Assign group | 447 |
| Select | 314 |
| Build/train/purchase | 122 |
| Use ability | 92 |
| Misc. action | 21 |
| Item give/drop | 5 |
| Resource trade | 5 |
| Minimap ping | 3 |
132 units @ 21.5k
/ 3.8k
81 buildings @ 10.8k
/ 5.4k

| Peon | 12 | 900 | / | 0 |
| Grunt | 8 | 1600 | / | 0 |
| Troll Headhunter | 3 | 420 | / | 60 |
| Troll Witch Doctor | 9 | 1305 | / | 225 |
| Shaman | 9 | 1170 | / | 180 |
| Demolisher | 4 | 880 | / | 200 |
| Tauren | 3 | 840 | / | 240 |
| Spirit Walker | 1 | 195 | / | 35 |
| Wind Rider | 2 | 530 | / | 80 |
| Goblin Shredder | 1 | 375 | / | 100 |
| total: | 52 | 8215g | / | 1120w |
| Watch Tower | 20 | 2200 | / | 1600 |
| Altar of Storms | 1 | 180 | / | 50 |
| Barracks | 1 | 180 | / | 50 |
| Orc Burrow | 6 | 960 | / | 240 |
| War Mill | 1 | 205 | / | 0 |
| Great Hall | 2 | 770 | / | 370 |
| Voodoo Lounge | 1 | 130 | / | 30 |
| Spirit Lodge | 2 | 300 | / | 300 |
| Tauren Totem | 2 | 270 | / | 310 |
| Beastiary | 1 | 145 | / | 140 |
| Stronghold | 1 | 315 | / | 190 |
| Fortress | 1 | 325 | / | 190 |
| total: | 37 | 5340g | / | 3090w |
| 0:03 | Peon |
| 0:03 | Peon |
| 0:08 | Altar of Storms |
| 0:13 | Barracks |
| 0:22 | Orc Burrow |
| 0:27 | Peon |
| 0:41 | Peon |
| 1:05 | Peon |
| 1:06 | Peon |
| 1:26 | Grunt |
| 1:42 | Orc Burrow |
| 2:16 | Mirror Image |
| 2:19 | Peon |
| 2:19 | Peon |
| 2:35 | Grunt |
| 2:45 | War Mill |
| 2:52 | Stronghold |
| 3:17 | Grunt |
| 3:52 | Grunt |
| 4:08 | Troll Headhunter |
| 4:34 | Troll Headhunter |
| 4:44 | Wind Walk |
| 5:27 | Orc Burrow |
| 5:35 | Great Hall |
| 6:02 | Spirit Lodge |
| 6:10 | Great Hall |
| 6:24 | Fortress |
| 6:26 | Spirit Lodge |
| 6:28 | Troll Headhunter |
| 6:32 | Wind Walk |
| 7:07 | Goblin Shredder |
| 7:34 | Watch Tower |
| 8:27 | Watch Tower |
| 8:37 | Watch Tower |
| 8:40 | Watch Tower |
| 8:45 | Witch Doctor Adept Training |
| 8:46 | Shaman Adept Training |
| 8:47 | Troll Witch Doctor |
| 8:47 | Shaman |
| 8:48 | Troll Witch Doctor |
| 8:54 | Reinforced Defenses |
| 9:00 | Peon |
| 9:00 | Peon |
| 9:45 | Watch Tower |
| 9:50 | Watch Tower |
| 9:51 | Watch Tower |
| 9:55 | Witch Doctor Master Training |
| 9:56 | Shaman |
| 9:56 | Troll Witch Doctor |
| 10:18 | Demolisher |
| 10:22 | Troll Witch Doctor |
| 10:30 | Demolisher |
| 10:48 | Peon |
| 10:48 | Peon |
| 10:55 | Watch Tower |
| 10:57 | Watch Tower |
| 11:04 | Orc Burrow |
| 11:13 | Shaman Master Training |
| 11:16 | Watch Tower |
| 11:46 | Troll Witch Doctor |
| 11:46 | Shaman |
| 11:55 | Orc Burrow |
| 12:21 | Shaman |
| 12:26 | Watch Tower |
| 12:42 | Demolisher |
| 12:43 | Demolisher |
| 12:45 | Burning Oil |
| 12:49 | Shaman |
| 14:33 | Voodoo Lounge |
| 14:37 | Watch Tower |
| 14:48 | Shaman |
| 14:49 | Shaman |
| 14:50 | Troll Witch Doctor |
| 14:51 | Troll Witch Doctor |
| 14:58 | Tauren Totem |
| 15:02 | Steel Armor |
| 15:29 | Orc Burrow |
| 15:43 | Spiked Barricades |
| 15:55 | Watch Tower |
| 16:30 | Pulverize |
| 16:30 | Spirit Walker Adept Training |
| 16:32 | Tauren Totem |
| 16:37 | Thorium Armor |
| 16:38 | Steel Melee Weapons |
| 17:00 | Beastiary |
| 17:11 | Watch Tower |
| 18:05 | Tauren |
| 18:06 | Tauren |
| 18:07 | Spirit Walker |
| 18:10 | Shaman |
| 18:10 | Troll Witch Doctor |
| 18:12 | Shaman |
| 18:13 | Troll Witch Doctor |
| 18:16 | Grunt |
| 18:16 | Grunt |
| 18:16 | Grunt |
| 18:17 | Grunt |
| 18:19 | Wind Rider |
| 18:19 | Wind Rider |
| 18:46 | Spirit Walker Master Training |
| 19:08 | Watch Tower |
| 19:47 | Watch Tower |
| 19:50 | Watch Tower |
| 20:02 | Tauren |
| 21:29 | Watch Tower |
| 21:30 | Watch Tower |
| 21:31 | Watch Tower |
| Right click | 342 |
| Select | 327 |
| Build/train/purchase | 87 |
| Use ability | 18 |
| Remove unit | 2 |
| Minimap ping | 2 |

| Rod of Necromancy | 1 | 150 |
| Potion of Healing | 1 | 150 |
| total: | 2 | 300g |
| Acolyte | 3 | 225 | / | 0 |
| Ghoul | 4 | 480 | / | 0 |
| Crypt Fiend | 9 | 1935 | / | 360 |
| Frost Wyrm | 9 | 3465 | / | 1080 |
| total: | 25 | 6105g | / | 1440w |
| Nerubian Tower | 5 | 500 | / | 100 |
| Spirit Tower | 1 | 145 | / | 40 |
| Altar of Darkness | 1 | 180 | / | 50 |
| Ziggurat | 11 | 1650 | / | 550 |
| Crypt | 1 | 200 | / | 50 |
| Graveyard | 1 | 215 | / | 0 |
| Tomb of Relics | 1 | 130 | / | 30 |
| Sacrificial Pit | 1 | 75 | / | 150 |
| Boneyard | 2 | 350 | / | 400 |
| Halls of the Dead | 1 | 320 | / | 210 |
| Black Citadel | 1 | 325 | / | 230 |
| total: | 18 | 2800g | / | 1230w |
| 0:09 | Acolyte |
| 0:13 | Altar of Darkness |
| 0:18 | Ziggurat |
| 0:29 | Crypt |
| 0:36 | Acolyte |
| 1:16 | Graveyard |
| 1:25 | Nerubian Tower |
| 1:37 | Ghoul |
| 1:37 | Ghoul |
| 2:40 | Ziggurat |
| 3:02 | Unholy Aura |
| 3:15 | Crypt Fiend |
| 3:15 | Crypt Fiend |
| 3:16 | Crypt Fiend |
| 3:19 | Ziggurat |
| 3:49 | Spirit Tower |
| 4:01 | Halls of the Dead |
| 4:39 | Crypt Fiend |
| 4:51 | Ziggurat |
| 4:55 | Ziggurat |
| 5:41 | Crypt Fiend |
| 5:41 | Crypt Fiend |
| 5:43 | Creature Attack |
| 6:07 | Death Coil |
| 6:15 | Crypt Fiend |
| 6:19 | Creature Carapace |
| 6:25 | Web |
| 6:36 | Ziggurat |
| 7:14 | Crypt Fiend |
| 7:15 | Crypt Fiend |
| 7:32 | Black Citadel |
| 8:58 | Sacrificial Pit |
| 9:00 | Ziggurat |
| 9:05 | Ziggurat |
| 9:08 | Ziggurat |
| 9:30 | Improved Creature Attack |
| 10:07 | Ghoul |
| 10:07 | Ghoul |
| 10:18 | Boneyard |
| 11:03 | Advanced Creature Attack |
| 11:07 | Unholy Aura |
| 11:34 | Frost Wyrm |
| 11:58 | Tomb of Relics |
| 12:04 | Acolyte |
| 12:21 | Frost Wyrm |
| 13:07 | Boneyard |
| 13:14 | Nerubian Tower |
| 14:22 | Freezing Breath |
| 14:24 | Frost Wyrm |
| 15:05 | Nerubian Tower |
| 15:09 | Nerubian Tower |
| 15:11 | Frost Wyrm |
| 17:07 | Frost Wyrm |
| 17:08 | Frost Wyrm |
| 17:28 | Improved Creature Carapace |
| 18:05 | Rod of Necromancy |
| 18:13 | Potion of Healing |
| 18:59 | Frost Wyrm |
| 20:40 | Ziggurat |
| 21:11 | Death Coil |
| 21:14 | Ziggurat |
| 22:14 | Frost Wyrm |
| 24:33 | Frost Wyrm |
| 25:05 | Nerubian Tower |
| Right click | 1302 |
| Select | 271 |
| Select group | 174 |
| Chat | 65 |
| Build/train/purchase | 48 |
| Assign group | 28 |
| Misc. action | 25 |
| Use ability | 15 |
| Item give/drop | 2 |
| Remove unit | 2 |


| Scroll of Regeneration | 1 | 100 |
| Lesser Clarity Potion | 1 | 70 |
| Potion of Healing | 1 | 150 |
| Orb of Fire | 1 | 325 |
| Scroll of Town Portal | 1 | 350 |
| total: | 5 | 995g |
| Peasant | 22 | 1650 | / | 0 |
| Footman | 13 | 1755 | / | 0 |
| Siege Engine | 12 | 2340 | / | 720 |
| Mortar Team | 8 | 1440 | / | 560 |
| total: | 55 | 7185g | / | 1280w |
| Scout Tower | 4 | 120 | / | 80 |
| Arcane Tower | 2 | 140 | / | 100 |
| Guard Tower | 2 | 140 | / | 100 |
| Altar of Kings | 1 | 180 | / | 50 |
| Farm | 14 | 1120 | / | 280 |
| Barracks | 1 | 160 | / | 60 |
| Lumber Mill | 1 | 120 | / | 0 |
| Arcane Vault | 1 | 130 | / | 30 |
| Blacksmith | 1 | 140 | / | 60 |
| Town Hall | 1 | 385 | / | 205 |
| Workshop | 2 | 280 | / | 280 |
| Keep | 1 | 320 | / | 210 |
| Castle | 1 | 360 | / | 210 |
| total: | 26 | 2635g | / | 1045w |
| 0:06 | Peasant |
| 0:06 | Peasant |
| 0:13 | Altar of Kings |
| 0:21 | Farm |
| 0:25 | Barracks |
| 0:31 | Peasant |
| 0:33 | Peasant |
| 1:06 | Farm |
| 1:13 | Peasant |
| 1:13 | Peasant |
| 1:32 | Footman |
| 1:37 | Peasant |
| 1:39 | Peasant |
| 1:43 | Footman |
| 1:50 | Farm |
| 1:57 | Footman |
| 2:18 | Footman |
| 2:26 | Storm Bolt |
| 2:36 | Scout Tower |
| 3:09 | Arcane Tower |
| 3:23 | Scout Tower |
| 3:44 | Footman |
| 3:45 | Footman |
| 3:48 | Peasant |
| 3:48 | Peasant |
| 3:51 | Arcane Tower |
| 4:01 | Farm |
| 4:15 | Footman |
| 5:29 | Scout Tower |
| 5:35 | Lumber Mill |
| 5:41 | Footman |
| 5:41 | Footman |
| 6:17 | Arcane Vault |
| 6:20 | Keep |
| 6:36 | Footman |
| 6:37 | Footman |
| 6:56 | Bash |
| 7:42 | Footman |
| 7:42 | Footman |
| 7:49 | Blacksmith |
| 8:00 | Farm |
| 8:02 | Guard Tower |
| 8:17 | Scroll of Regeneration |
| 8:18 | Lesser Clarity Potion |
| 8:48 | Town Hall |
| 9:21 | Scout Tower |
| 9:35 | Castle |
| 10:05 | Guard Tower |
| 10:10 | Improved Lumber Harvesting |
| 10:44 | Workshop |
| 11:28 | Devotion Aura |
| 11:57 | Workshop |
| 12:07 | Advanced Lumber Harvesting |
| 12:09 | Peasant |
| 12:10 | Peasant |
| 12:10 | Peasant |
| 12:10 | Peasant |
| 12:14 | Peasant |
| 12:15 | Peasant |
| 12:15 | Peasant |
| 12:15 | Peasant |
| 12:34 | Farm |
| 13:54 | Barrage |
| 13:56 | Siege Engine |
| 14:05 | Farm |
| 14:19 | Potion of Healing |
| 14:23 | Scroll of Town Portal |
| 14:27 | Orb of Fire |
| 14:44 | Black Gunpowder |
| 15:05 | Siege Engine |
| 15:06 | Siege Engine |
| 15:09 | Farm |
| 15:14 | Farm |
| 15:22 | Mortar Team |
| 15:23 | Mortar Team |
| 15:24 | Mortar Team |
| 15:25 | Mortar Team |
| 15:27 | Siege Engine |
| 15:52 | Refined Gunpowder |
| 16:02 | Farm |
| 17:21 | Siege Engine |
| 17:21 | Siege Engine |
| 17:23 | Mortar Team |
| 17:23 | Mortar Team |
| 17:29 | Peasant |
| 17:29 | Peasant |
| 17:30 | Peasant |
| 17:30 | Peasant |
| 17:35 | Farm |
| 18:11 | Imbued Gunpowder |
| 18:17 | Iron Plating |
| 18:20 | Fragmentation Shards |
| 18:26 | Farm |
| 18:53 | Farm |
| 19:29 | Farm |
| 19:34 | Mortar Team |
| 19:35 | Mortar Team |
| 21:03 | Siege Engine |
| 21:04 | Siege Engine |
| 21:55 | Siege Engine |
| 21:58 | Siege Engine |
| 23:48 | Siege Engine |
| 23:48 | Siege Engine |
| Right click | 255 |
| Select | 241 |
| Chat | 191 |
| Build/train/purchase | 83 |
| Select group | 71 |
| Misc. action | 27 |
| Assign group | 21 |
| Use ability | 19 |
| Remove unit | 3 |
⇛